 Dungeon Crawl Stone Soup version 0.31-a0-162-gc4c5a43528 (webtiles) character file.

Game seed: 18407073924015259330

17055 qw the Skirmisher (level 12, -8/116 HPs)
             Began as a Naga Hunter on June 12, 2023.
             Was a Priest of Okawaru.
             Mangled by a white ugly thing (14 damage)
             ... on level 11 of the Dungeon.
             The game lasted 00:04:12 (8846 turns).

qw the Skirmisher (Naga Hunter)                     Turns: 8846, Time: 00:04:13

Health: -8/116     AC: 10    Str: 26    XL:     12   Next: 44%
Magic:  14/15      EV: 15    Int:  6    God:    Okawaru [***...]
Gold:   530        SH:  0    Dex: 17    Spells: 11/11 levels left

rFire   + . .        Y - +1 longbow (drain)
rCold   + . .        (shield currently unavailable)
rNeg    . . .        l - +3 troll leather armour {Snorg}
rPois   +            (helmet restricted)
rElec   .            h - scarf {rC+ rF+}
rCorr   .            (no gloves)
SInv    +            (no barding)
Will    ++...        c - amulet of regeneration
Stlth   +++          j - ring of willpower
HPRegen 1.99/turn    b - +6 ring of strength
MPRegen 0.14/turn

%: no passive effects
@: about to teleport, heroic, very slow
A: AC +4, large, see invisible, deformed body, poison resistance, slowness 2,
spit poison 2, naga tail 1, antennae 1, dopey 1, strong 1
a: Breathe Poison Gas, Renounce Religion, Heroism


You were on level 11 of the Dungeon.
You worshipped Okawaru.
Okawaru was most pleased with you.
You visited 2 branches of the dungeon, and saw 12 of its levels.

You collected 662 gold pieces.
You spent 132 gold pieces at shops.


Innate Abilities, Weirdness & Mutations

Your serpentine skin is tough. (AC +4)
You have supernaturally acute eyesight. (SInv)
Armour fits poorly on your strangely shaped body.
Your system is resistant to poisons. (rPois)
You cover ground very slowly.
You can exhale a cloud of poison.
You have a snake-like lower body.
You have a pair of small antennae on your head.
You are dopey. (Int -2)
Your muscles are strong. (Str +4, Int/Dex -1)


   Skills:
 - Level 10.2(15.2) Fighting
 + Level 14.8(19.8) Ranged Weapons
 - Level 1.9(6.9) Armour
 - Level 5.1(10.1) Dodging
 - Level 1.5(6.5) Stealth
 - Level 4.0 Invocations


You had 11 spell levels left.
You didn't know any spells.
Your spell library was empty.

Inventory:

Hand Weapons
 Y - a +1 longbow of draining (weapon)
Armour
 d - a +1 cloak of willpower
 h - a scarf of resistance (worn)
 l - a +3 troll leather armour (worn) {Snorg}
Jewellery
 b - a +6 ring of strength (right hand)
 c - an amulet of regeneration (around neck)
 j - a ring of willpower (left hand)
Scrolls
 a - 6 scrolls of teleportation
 k - 6 scrolls of identify
Potions
 e - a potion of resistance
 f - 2 potions of cancellation
 g - a potion of haste
 i - a potion of might
 m - 4 potions of curing

Dungeon Overview and Level Annotations

Branches:
Dungeon (11/15)            Temple (1/1) D:6            Lair (0/5) D:11
    Orc (0/2) D:9

Altars:
Ashenzari
Cheibriados
Dithmenos
Elyvilon
Fedhas
Gozag
Hepliaklqana
Kikubaaqudgha
Makhleb
Nemelex Xobeh
Okawaru
Qazlal
Ru
Sif Muna
Trog
Uskayaw
Vehumet
Wu Jian
Xom
Yredelemnul
Zin
The Shining One

Shops:
D:10 ?


Message History

The vampire mosquito bites you but does no damage.
You shoot an arrow. The arrow hits the vampire mosquito!
The vampire mosquito is almost destroyed.
The vampire mosquito closely misses you.
The white ugly thing headbutts you! The white ugly thing freezes you!
You resist.
You shoot an arrow.
The arrow closely misses the vampire mosquito.
The vampire mosquito barely misses you. The white ugly thing headbutts you!
The white ugly thing freezes you! You resist. The vampire mosquito bites you.
The vampire mosquito draws strength from your injuries!
You shoot an arrow.
The arrow closely misses the vampire mosquito.
The vampire mosquito bites you but does no damage.
You shoot an arrow. The arrow hits the vampire mosquito!!
You destroy the vampire mosquito!
Okawaru accepts your kill. The white ugly thing barely misses you.
You shoot an arrow.
The arrow barely misses the white ugly thing.
The white ugly thing headbutts you. The white ugly thing freezes you!
You resist.
8843 ||| READING 7 scrolls of teleportation.
As you read the scroll of teleportation, it crumbles to dust.
You feel strangely unstable.
The white ugly thing completely misses you.
You shoot an arrow.
The arrow barely misses the white ugly thing.
The white ugly thing headbutts you. The white ugly thing freezes you.
You resist.
You shoot an arrow.
The arrow hits the white ugly thing but does no damage.
You drain the white ugly thing.
The white ugly thing is lightly wounded.
You shoot an arrow. The arrow hits the white ugly thing!
You drain the white ugly thing.
The white ugly thing is moderately wounded.
The white ugly thing headbutts you! The white ugly thing freezes you!
You resist.
You die...

#++### ######.##.....
##.....#.##.####........
.................)..}...
.......#.#..............
..~~~~~~~~~...#.###~##.#
~~~~~~~~~~~~~.#~~#~~~~(~
~~.....##..~~~~~~~~~~~~~
~.......u..~~~~~~~~~~~~~
......>@....~~~~~~~#~~~~
#.#...%##..#.~~~~~## #~~
#.... #.......######.#
#.... ##.............#
.#.... #..............
?..... ####..#.##....#
......# #..........#
...##.########.#.##..###
. ...................^#
#


You could see a white ugly thing (drained).

Vanquished Creatures
  Snorg (D:10)
  A hydra (D:9)
  A two-headed ogre (D:11)
  2 boulder beetles (D:11)
  Joseph (D:7)
  An elephant (D:11)
  Maggie (D:8)
  A komodo dragon (D:11)
  A merfolk (D:10)
  A queen bee (D:9)
  4 trolls
  3 hornets
  2 wyverns (D:8)
  Eustachio (D:6)
  A shadow (D:11)
  A water elemental (D:11)
  19 yaks
  A vampire (D:10)
  A basilisk (D:11)
  3 wraiths
  A steam dragon (D:8)
  3 vampire mosquitoes (D:11)
  Menkaure (D:7)
  2 acid dragons
  A water moccasin (D:5)
  4 orc warriors
  2 sky beasts
  3 black bears
  An ice beast (D:5)
  5 ogres
  2 centaurs
  9 kobold brigands
  6 bullfrogs
  5 gnoll sergeants
  5 scorpions
  5 wights (D:8)
  24 killer bees (D:9)
  10 howler monkeys
  4 electric eels (D:11)
  4 crimson imps (D:6)
  A gnoll bouda (D:6)
  A jelly (D:8)
  4 orc priests
  4 hounds
  2 sleepcaps
  3 iguanas
  4 orc wizards
  15 gnolls
  5 adders
  A river rat (D:4)
  2 white imps
  6 worms
  2 dart slugs
  31 orcs
  3 ball pythons
  3 endoplasms
  5 giant cockroaches
  5 goblins
  7 hobgoblins
  8 jackals
  3 quokkas
  4 bats
  5 frilled lizards
  15 kobolds
  7 rats
  A spectral hobgoblin (D:10)
291 creatures vanquished.

Notes
Turn   | Place    | Note
-------+----------+-------------------------------------------
     0 | D:1      | qw the Naga Hunter began the quest for the Orb.
     0 | D:1      | Reached XP level 1. HP: 19/19 MP: 1/1
     0 | D:1      | 0 ||| qw: Version: 0.2-a-29-gc1b59c4
     0 | D:1      | 0 ||| qw: Game counter: 4298
     0 | D:1      | 0 ||| qw: Always use a shield: true
     0 | D:1      | 0 ||| qw: God list: Okawaru
     0 | D:1      | 0 ||| qw: Allow faded altars: false
     0 | D:1      | 0 ||| qw: Do Orc after D:15 true
     0 | D:1      | 0 ||| qw: Do second Lair branch before Depths: true
     0 | D:1      | 0 ||| qw: Lair rune preference: random
     0 | D:1      | 0 ||| qw: Plans: Normal
     0 | D:1      | 0 ||| PLANNING D:1-11
    30 | D:1      | 30 ||| INVOKING Spit Poison.
    31 | D:1      | 31 ||| INVOKING Spit Poison.
    73 | D:1      | 73 ||| INVOKING Spit Poison.
   141 | D:1      | 141 ||| INVOKING Spit Poison.
   176 | D:1      | 176 ||| INVOKING Spit Poison.
   275 | D:1      | 275 ||| INVOKING Spit Poison.
   372 | D:1      | 372 ||| INVOKING Spit Poison.
   375 | D:1      | Reached skill level 4 in Ranged Weapons
   375 | D:1      | Reached XP level 2. HP: 26/26 MP: 2/2
   380 | D:1      | 380 ||| INVOKING Spit Poison.
   392 | D:1      | 392 ||| INVOKING Spit Poison.
   469 | D:1      | 469 ||| INVOKING Spit Poison.
   484 | D:1      | 484 ||| INVOKING Spit Poison.
   513 | D:1      | 513 ||| INVOKING Spit Poison.
   734 | D:1      | 734 ||| UPGRADING to +1 cloak of willpower.
   739 | D:1      | 739 ||| READING 2 scrolls labelled BURHOM PENOC.
   742 | D:1      | 742 ||| READING scroll labelled KAGHER SENGIYLOKOA.
   743 | D:1      | 743 ||| DROPPING scroll of butterflies.
   796 | D:2      | 796 ||| INVOKING Spit Poison.
   811 | D:2      | Found a shimmering altar of Xom.
   873 | D:2      | 873 ||| INVOKING Spit Poison.
   893 | D:2      | 893 ||| INVOKING Spit Poison.
   900 | D:2      | 900 ||| INVOKING Spit Poison.
   902 | D:2      | Reached XP level 3. HP: 32/32 MP: 3/3
   908 | D:2      | 908 ||| INVOKING Spit Poison.
   911 | D:2      | 911 ||| INVOKING Spit Poison.
   914 | D:2      | 914 ||| INVOKING Spit Poison.
   917 | D:2      | 917 ||| INVOKING Spit Poison.
   923 | D:2      | 923 ||| INVOKING Spit Poison.
   975 | D:2      | 975 ||| INVOKING Spit Poison.
  1001 | D:2      | 1001 ||| INVOKING Spit Poison.
  1007 | D:2      | 1007 ||| INVOKING Spit Poison.
  1011 | D:2      | 1011 ||| INVOKING Spit Poison.
  1114 | D:2      | 1114 ||| INVOKING Spit Poison.
  1126 | D:2      | 1126 ||| INVOKING Spit Poison.
  1141 | D:2      | 1141 ||| INVOKING Spit Poison.
  1229 | D:2      | 1229 ||| INVOKING Spit Poison.
  1230 | D:2      | Reached skill level 5 in Ranged Weapons
  1475 | D:2      | 1475 ||| INVOKING Spit Poison.
  1481 | D:2      | 1481 ||| INVOKING Spit Poison.
  1483 | D:2      | Reached XP level 4. HP: 35/39 MP: 4/4
  1524 | D:2      | 1524 ||| READING scroll labelled CAXURARIPO.
  1525 | D:2      | 1525 ||| READING scroll labelled ITHREOG XEMOAT.
  1587 | D:3      | 1587 ||| SWAPPING to +0 longbow.
  1588 | D:3      | 1588 ||| DROPPING +1 shortbow.
  1591 | D:3      | 1591 ||| INVOKING Spit Poison.
  1609 | D:3      | 1609 ||| INVOKING Spit Poison.
  1620 | D:3      | 1620 ||| INVOKING Spit Poison.
  1715 | D:3      | 1715 ||| INVOKING Spit Poison.
  1717 | D:3      | HP: 8/40 [orc priest/divine providence (10)]
  1718 | D:3      | 1718 ||| READING 2 scrolls of teleportation.
  1719 | D:3      | 1719 ||| INVOKING Spit Poison.
  1721 | D:3      | HP: 3/40 [orc/+0 whip (6)]
  1900 | D:3      | Found a radiant altar of Vehumet.
  1924 | D:3      | 1924 ||| INVOKING Spit Poison.
  1991 | D:3      | 1991 ||| INVOKING Spit Poison.
  2017 | D:3      | 2017 ||| INVOKING Spit Poison.
  2023 | D:3      | Reached skill level 3 in Fighting
  2023 | D:3      | Reached XP level 5. HP: 48/49 MP: 5/5
  2023 | D:3      | 2023 ||| INVOKING Spit Poison.
  2032 | D:3      | 2032 ||| INVOKING Spit Poison.
  2160 | D:3      | 2160 ||| READING scroll of enchant weapon.
  2160 | D:3      | 2160 ||| ENCHANTING +0 longbow.
  2181 | D:3      | 2181 ||| INVOKING Spit Poison.
  2184 | D:3      | 2184 ||| INVOKING Spit Poison.
  2297 | D:3      | 2297 ||| UPGRADING to ring of willpower.
  2298 | D:3      | 2298 ||| DRINKING 2 dark potions.
  2299 | D:3      | 2299 ||| DRINKING 2 inky potions.
  2300 | D:3      | 2300 ||| DRINKING 2 murky dark potions.
  2301 | D:3      | 2301 ||| DRINKING 2 glowing green potions.
  2301 | D:3      | Gained mutation: You are frail. (-10% HP) [potion of
                  | mutation]
  2301 | D:3      | Gained mutation: Your muscles are strong. (Str +4, Int/Dex
                  | -1) [potion of mutation]
  2301 | D:3      | Gained mutation: You can exhale a cloud of poison. [potion
                  | of mutation]
  2301 | D:3      | Gained mutation: You expend magic power (3 MP) to
                  | strengthen your wands. [potion of mutation]
  2302 | D:3      | 2302 ||| DRINKING potion of mutation.
  2302 | D:3      | Lost mutation: You expend magic power (3 MP) to strengthen
                  | your wands. [potion of mutation]
  2302 | D:3      | Lost mutation: You are frail. (-10% HP) [potion of
                  | mutation]
  2302 | D:3      | Gained mutation: You have a pair of small antennae on your
                  | head. [potion of mutation]
  2302 | D:3      | Gained mutation: You are dopey. (Int -2) [potion of
                  | mutation]
  2328 | D:3      | 2328 ||| DROPPING potion of magic.
  2329 | D:3      | 2329 ||| DROPPING potion of attraction.
  2357 | D:4      | 2357 ||| PLANNING SEWER
  2423 | D:4      | Found a stormy altar of Qazlal.
  2423 | D:4      | Noticed a sky beast
  2426 | D:4      | 2426 ||| INVOKING Breathe Poison Gas.
  2428 | D:4      | Killed a sky beast
  2435 | D:4      | Reached XP level 6. HP: 51/56 MP: 6/6
  2465 | D:4      | 2465 ||| INVOKING Breathe Poison Gas.
  2569 | D:4      | 2569 ||| INVOKING Breathe Poison Gas.
  2590 | D:4      | Reached skill level 6 in Ranged Weapons
  2650 | D:4      | 2650 ||| INVOKING Breathe Poison Gas.
  2668 | D:4      | 2668 ||| INVOKING Breathe Poison Gas.
  2688 | D:4      | 2688 ||| INVOKING Breathe Poison Gas.
  2724 | D:4      | 2724 ||| INVOKING Breathe Poison Gas.
  2782 | D:4      | 2782 ||| INVOKING Breathe Poison Gas.
  2841 | D:4      | 2841 ||| RIP SEWER
  2865 | D:4      | 2865 ||| PLANNING D:1-11
  2866 | D:4      | 2866 ||| INVOKING Breathe Poison Gas.
  2867 | D:4      | 2867 ||| DRINKING 2 fuming dark potions.
  2868 | D:4      | 2868 ||| READING 2 scrolls of identify.
  2868 | D:4      | 2868 ||| IDENTIFYING lumpy blue potion
  2869 | D:4      | 2869 ||| DROPPING potion of brilliance.
  2875 | D:4      | 2875 ||| INVOKING Breathe Poison Gas.
  3160 | D:4      | 3160 ||| INVOKING Breathe Poison Gas.
  3168 | D:4      | 3168 ||| INVOKING Breathe Poison Gas.
  3280 | D:5      | Entered Level 5 of the Dungeon
  3294 | D:5      | 3294 ||| INVOKING Breathe Poison Gas.
  3295 | D:5      | Reached XP level 7. HP: 64/64 MP: 7/7
  3323 | D:5      | 3323 ||| INVOKING Breathe Poison Gas.
  3382 | D:5      | 3382 ||| INVOKING Breathe Poison Gas.
  3384 | D:5      | Reached skill level 7 in Ranged Weapons
  3420 | D:5      | 3420 ||| INVOKING Breathe Poison Gas.
  3445 | D:5      | 3445 ||| INVOKING Breathe Poison Gas.
  3446 | D:5      | 3446 ||| INVOKING Breathe Poison Gas.
  3454 | D:5      | 3454 ||| INVOKING Breathe Poison Gas.
  3502 | D:5      | 3502 ||| INVOKING Breathe Poison Gas.
  3513 | D:5      | Reached XP level 8. HP: 49/72 MP: 8/8
  3514 | D:5      | 3514 ||| INVOKING Breathe Poison Gas.
  3626 | D:5      | 3626 ||| INVOKING Breathe Poison Gas.
  3629 | D:5      | Reached skill level 8 in Ranged Weapons
  3714 | D:5      | 3714 ||| INVOKING Breathe Poison Gas.
  3935 | D:5      | 3935 ||| INVOKING Breathe Poison Gas.
  3980 | D:5      | 3980 ||| READING scroll labelled YDOAMI QALLI.
  3981 | D:5      | 3981 ||| DRINKING 2 coppery potions.
  3982 | D:5      | 3982 ||| DRINKING 4 cyan potions.
  4008 | D:6      | 4008 ||| INVOKING Breathe Poison Gas.
  4012 | D:6      | 4012 ||| INVOKING Breathe Poison Gas.
  4020 | D:6      | 4020 ||| Stepping ~*~*~tactically~*~*~ (outnumbered).
  4029 | D:6      | 4029 ||| INVOKING Breathe Poison Gas.
  4103 | D:6      | Found a shimmering altar of Xom.
  4104 | D:6      | 4104 ||| INVOKING Breathe Poison Gas.
  4135 | D:6      | Reached skill level 9 in Ranged Weapons
  4156 | D:6      | 4156 ||| INVOKING Breathe Poison Gas.
  4159 | D:6      | Reached skill level 1 in Armour
  4228 | D:6      | 4228 ||| INVOKING Breathe Poison Gas.
  4309 | D:6      | 4309 ||| INVOKING Breathe Poison Gas.
  4321 | D:6      | Identified the +2 robe of the Invisible Friars {Will+
                  | Str+6}
  4335 | D:6      | 4335 ||| INVOKING Breathe Poison Gas.
  4336 | D:6      | 4336 ||| Stepping ~*~*~tactically~*~*~ (outnumbered).
  4338 | D:6      | Reached skill level 6 in Fighting
  4338 | D:6      | Reached XP level 9. HP: 82/82 MP: 9/9
  4423 | D:6      | HP: 17/82 [wraith (10)]
  4424 | D:6      | 4424 ||| READING 3 scrolls of teleportation.
  4425 | D:6      | 4425 ||| DRINKING potion of heal wounds.
  4425 | D:6      | Found a bloodstained altar of Trog.
  4536 | D:6      | Found a staircase to the Ecumenical Temple.
  4537 | D:6      | 4537 ||| PLANNING TEMPLE
  4552 | D:6      | Reached skill level 3 in Dodging
  4632 | D:6      | Noticed Eustachio
  4634 | D:6      | 4634 ||| INVOKING Breathe Poison Gas.
  4635 | D:6      | Killed Eustachio
  4685 | D:6      | Found a broken altar of Ashenzari.
  4804 | D:6      | 4804 ||| UPGRADING to scarf of resistance.
  4814 | D:6      | 4814 ||| UPGRADING to +2 robe of the Invisible Friars
                  | {Will+ Str+6}.
  4824 | D:6      | 4824 ||| DROPPING +0 leather armour.
  4825 | D:6      | 4825 ||| UPGRADING to amulet of the acrobat.
  4830 | D:6      | 4830 ||| READING 2 scrolls labelled GEULOBB BEOBB.
  4831 | D:6      | 4831 ||| READING scroll labelled HUHAUX UGOPOSO.
  4832 | D:6      | 4832 ||| DROPPING scroll of vulnerability.
  4847 | Temple   | Entered the Ecumenical Temple
  4847 | Temple   | Found a transporter.
  4847 | Temple   | Found a transporter.
  4849 | Temple   | Found a transporter.
  4849 | Temple   | Found a transporter.
  4858 | Temple   | 4858 ||| PLANNING OKAWARU WORSHIP
  4865 | Temple   | Became a worshipper of Warmaster Okawaru
  4865 | Temple   | 4865 ||| PLANNING D:1-11
  4994 | D:7      | 4994 ||| INVOKING Breathe Poison Gas.
  4995 | D:7      | Noticed Menkaure
  4998 | D:7      | Killed Menkaure
  5027 | D:7      | 5027 ||| INVOKING Breathe Poison Gas.
  5229 | D:7      | 5229 ||| INVOKING Breathe Poison Gas.
  5244 | D:7      | Noticed Joseph
  5253 | D:7      | 5253 ||| INVOKING Breathe Poison Gas.
  5254 | D:7      | Killed Joseph
  5254 | D:7      | Reached * piety under Okawaru
  5255 | D:7      | Reached skill level 10 in Ranged Weapons
  5409 | D:7      | 5409 ||| INVOKING Breathe Poison Gas.
  5455 | D:7      | 5455 ||| INVOKING Breathe Poison Gas.
  5516 | D:7      | 5516 ||| INVOKING Breathe Poison Gas.
  5517 | D:7      | Reached skill level 1 in Invocations
  5530 | D:7      | Found an ornate altar of the Wu Jian Council.
  5532 | D:7      | 5532 ||| INVOKING Heroism.
  5533 | D:7      | 5533 ||| INVOKING Breathe Poison Gas.
  5574 | D:7      | 5574 ||| INVOKING Breathe Poison Gas.
  5667 | D:7      | 5667 ||| INVOKING Breathe Poison Gas.
  5838 | D:7      | 5838 ||| UPGRADING to amulet of regeneration.
  5848 | D:7      | 5848 ||| DROPPING amulet of the acrobat.
  5849 | D:7      | 5849 ||| READING 2 scrolls of identify.
  5849 | D:7      | 5849 ||| IDENTIFYING emerald potion
  5850 | D:7      | 5850 ||| DROPPING potion of degeneration.
  5908 | D:8      | Found a sparkling altar of Nemelex Xobeh.
  5956 | D:8      | 5956 ||| INVOKING Breathe Poison Gas.
  5957 | D:8      | 5957 ||| INVOKING Breathe Poison Gas.
  5960 | D:8      | 5960 ||| INVOKING Heroism.
  5962 | D:8      | Reached skill level 3 in Invocations
  5963 | D:8      | Reached XP level 10. HP: 66/94 MP: 8/12
  6057 | D:8      | Found a glowing golden altar of the Shining One.
  6070 | D:8      | 6070 ||| INVOKING Breathe Poison Gas.
  6075 | D:8      | 6075 ||| INVOKING Heroism.
  6163 | D:8      | 6163 ||| INVOKING Breathe Poison Gas.
  6166 | D:8      | Noticed Maggie
  6168 | D:8      | Reached skill level 11 in Ranged Weapons
  6171 | D:8      | 6171 ||| INVOKING Breathe Poison Gas.
  6174 | D:8      | 6174 ||| INVOKING Heroism.
  6181 | D:8      | Killed Maggie
  6189 | D:8      | 6189 ||| INVOKING Breathe Poison Gas.
  6198 | D:8      | 6198 ||| FLEEEEING.
  6199 | D:8      | 6199 ||| FLEEEEING.
  6200 | D:8      | 6200 ||| FLEEEEING.
  6201 | D:8      | 6201 ||| STAIRDANCE
  6235 | D:7      | 6235 ||| READING scroll labelled JEAWUSU OFUTOJ.
  6238 | D:8      | 6238 ||| INVOKING Breathe Poison Gas.
  6261 | D:8      | Reached ** piety under Okawaru
  6262 | D:8      | 6262 ||| INVOKING Breathe Poison Gas.
  6279 | D:8      | 6279 ||| INVOKING Breathe Poison Gas.
  6280 | D:8      | 6280 ||| INVOKING Breathe Poison Gas.
  6322 | D:8      | 6322 ||| INVOKING Breathe Poison Gas.
  6335 | D:8      | 6335 ||| INVOKING Heroism.
  6374 | D:8      | 6374 ||| INVOKING Breathe Poison Gas.
  6382 | D:8      | 6382 ||| INVOKING Breathe Poison Gas.
  6475 | D:8      | 6475 ||| INVOKING Breathe Poison Gas.
  6486 | D:8      | 6486 ||| INVOKING Heroism.
  6584 | D:8      | 6584 ||| READING 2 scrolls of identify.
  6584 | D:8      | 6584 ||| IDENTIFYING black potion
  6597 | D:9      | Found a basalt altar of Yredelemnul.
  6599 | D:9      | 6599 ||| INVOKING Breathe Poison Gas.
  6613 | D:9      | 6613 ||| INVOKING Breathe Poison Gas.
  6633 | D:9      | 6633 ||| INVOKING Heroism.
  6634 | D:9      | 6634 ||| INVOKING Breathe Poison Gas.
  6672 | D:9      | 6672 ||| INVOKING Breathe Poison Gas.
  6674 | D:9      | 6674 ||| INVOKING Breathe Poison Gas.
  6685 | D:9      | 6685 ||| INVOKING Heroism.
  6688 | D:9      | HP: 20/96 [killer bee (7)]
  6689 | D:9      | 6689 ||| READING 3 scrolls of teleportation.
  6689 | D:9      | HP: 6/96 [killer bee (6)]
  6690 | D:9      | 6690 ||| DRINKING potion of heal wounds.
  6693 | D:9      | 6693 ||| INVOKING Breathe Poison Gas.
  6694 | D:9      | HP: 3/96 [poisoned by a killer bee]
  6698 | D:9      | Reached skill level 12 in Ranged Weapons
  6809 | D:9      | 6809 ||| INVOKING Breathe Poison Gas.
  6819 | D:9      | Reached XP level 11. HP: 98/103 MP: 14/14
  6926 | D:9      | 6926 ||| INVOKING Heroism.
  6927 | D:9      | 6927 ||| INVOKING Breathe Poison Gas.
  6974 | D:9      | 6974 ||| INVOKING Breathe Poison Gas.
  6981 | D:9      | 6981 ||| INVOKING Heroism.
  6982 | D:9      | 6982 ||| INVOKING Breathe Poison Gas.
  7040 | D:9      | Found an ancient bone altar of Kikubaaqudgha.
  7255 | D:9      | Noticed a seven-headed hydra
  7256 | D:9      | 7256 ||| INVOKING Heroism.
  7259 | D:9      | Killed a seven-headed hydra
  7260 | D:9      | Reached skill level 13 in Ranged Weapons
  7300 | D:9      | 7300 ||| INVOKING Breathe Poison Gas.
  7316 | D:9      | Found a staircase to the Orcish Mines.
  7317 | D:9      | 7317 ||| INVOKING Heroism.
  7320 | D:9      | 7320 ||| INVOKING Breathe Poison Gas.
  7323 | D:9      | 7323 ||| Stepping ~*~*~tactically~*~*~ (outnumbered).
  7352 | D:9      | 7352 ||| INVOKING Heroism.
  7353 | D:9      | 7353 ||| Stepping ~*~*~tactically~*~*~ (outnumbered).
  7354 | D:9      | 7354 ||| INVOKING Breathe Poison Gas.
  7367 | D:9      | 7367 ||| INVOKING Breathe Poison Gas.
  7378 | D:9      | 7378 ||| INVOKING Heroism.
  7384 | D:9      | Reached skill level 9 in Fighting
  7389 | D:9      | Reached *** piety under Okawaru
  7462 | D:9      | 7462 ||| UPGRADING to +0 troll leather armour.
  7472 | D:9      | 7472 ||| DROPPING +2 robe of the Invisible Friars {Will+
                  | Str+6}.
  7473 | D:9      | 7473 ||| READING scroll labelled RYFIPSORGHU.
  7474 | D:9      | 7474 ||| DRINKING 2 fuming grey potions.
  7475 | D:9      | 7475 ||| READING 3 scrolls of identify.
  7475 | D:9      | 7475 ||| IDENTIFYING yellow potion
  7476 | D:9      | 7476 ||| DROPPING potion of invisibility.
  7500 | D:10     | Entered Level 10 of the Dungeon
  7512 | D:10     | 7512 ||| INVOKING Breathe Poison Gas.
  7537 | D:10     | 7537 ||| INVOKING Breathe Poison Gas.
  7552 | D:10     | 7552 ||| INVOKING Breathe Poison Gas.
  7560 | D:10     | Noticed Snorg
  7561 | D:10     | 7561 ||| INVOKING Heroism.
  7574 | D:10     | Killed Snorg
  7577 | D:10     | 7577 ||| INVOKING Breathe Poison Gas.
  7581 | D:10     | 7581 ||| INVOKING Heroism.
  7716 | D:10     | 7716 ||| INVOKING Heroism.
  7717 | D:10     | 7717 ||| INVOKING Breathe Poison Gas.
  7791 | D:10     | 7791 ||| INVOKING Breathe Poison Gas.
  7806 | D:10     | 7806 ||| INVOKING Heroism.
  7857 | D:10     | Found a hazy altar of Hepliaklqana.
  7858 | D:10     | 7858 ||| INVOKING Breathe Poison Gas.
  7879 | D:10     | 7879 ||| INVOKING Breathe Poison Gas.
  7885 | D:10     | Reached skill level 14 in Ranged Weapons
  7925 | D:10     | 7925 ||| INVOKING Heroism.
  7926 | D:10     | 7926 ||| DRINKING 4 potions of curing.
  7926 | D:10     | 7926 ||| (to cure confusion)
  7967 | D:10     | Found Niely's Magic Scroll Shoppe.
  7976 | D:10     | 7976 ||| BUYING scroll of identify (22 gold).
  7976 | D:10     | Bought a scroll of identify for 22 gold pieces
  7976 | D:10     | 7976 ||| BUYING scroll of identify (22 gold).
  7976 | D:10     | Bought a scroll of identify for 22 gold pieces
  7976 | D:10     | 7976 ||| BUYING scroll of identify (22 gold).
  7976 | D:10     | Bought a scroll of identify for 22 gold pieces
  7976 | D:10     | 7976 ||| BUYING scroll of teleportation (33 gold).
  7976 | D:10     | Bought a scroll of teleportation for 33 gold pieces
  7976 | D:10     | 7976 ||| BUYING scroll of teleportation (33 gold).
  7976 | D:10     | Bought a scroll of teleportation for 33 gold pieces
  8251 | D:10     | 8251 ||| UPGRADING to +3 troll leather armour {Snorg}.
  8261 | D:10     | 8261 ||| DROPPING +0 troll leather armour.
  8262 | D:10     | 8262 ||| UPGRADING to +6 ring of strength.
  8263 | D:10     | 8263 ||| READING scroll labelled GAMYSIPT WUNUT.
  8282 | D:11     | 8282 ||| INVOKING Breathe Poison Gas.
  8291 | D:11     | Noticed a boulder beetle
  8292 | D:11     | 8292 ||| INVOKING Heroism.
  8295 | D:11     | Reached XP level 12. HP: 115/115 MP: 12/15
  8302 | D:11     | Noticed a boulder beetle
  8305 | D:11     | Killed a boulder beetle
  8309 | D:11     | 8309 ||| FLEEEEING.
  8310 | D:11     | 8310 ||| STAIRDANCE
  8343 | D:11     | 8343 ||| INVOKING Heroism.
  8348 | D:11     | Killed a boulder beetle
  8362 | D:11     | Found a staircase to the Lair.
  8413 | D:11     | Noticed a two-headed ogre
  8417 | D:11     | 8417 ||| INVOKING Heroism.
  8424 | D:11     | Killed a two-headed ogre
  8490 | D:11     | 8490 ||| INVOKING Heroism.
  8538 | D:11     | 8538 ||| INVOKING Heroism.
  8721 | D:11     | 8721 ||| FLEEEEING.
  8834 | D:11     | 8834 ||| INVOKING Heroism.
  8842 | D:11     | HP: 16/116 [white ugly thing (15)]
  8843 | D:11     | 8843 ||| READING 7 scrolls of teleportation.
  8846 | D:11     | HP: 6/116 [white ugly thing (7)]
  8846 | D:11     | Mangled by a white ugly thing

Levels and vault maps discovered:
D:1:      matt_arrival_spirals, layout_basic, chequers_serial_rivers_micro_a
D:2:      layout_basic, basic_altar, grunt_ministairs_2
D:3:      layout_loops_cross, mainiacjoe_overflow_boulevard
D:4:      layout_loops_ring, nicolae_qazlal_beasts_of_the_sky,
          portal_sewer_entry_c, minivault_5, serial_bayou_lake_a
D:5:      layout_loops_ring
D:6:      layout_layer_cave, bloody_trog, overflow_temple_1_default,
          led_xom_imps, temple_pool_b, minmay_manual_monstrance, uniq_eustachio
D:7:      layout_loops_corners, mainiacjoe_overflow_small_starburst,
          uniq_joseph, uniq_menkaure
D:8:      layout_gridville, mainiacjoe_overflow_24_doors, kennysheep_mini,
          minmay_bent, uniq_maggie
D:9:      layout_roguey, mainiacjoe_overflow_alcove_4,
          yredelemnul_altar_generic, kennysheep_orc_monster_closet_entryway,
          special_room [special_room_bee]
D:10:     layout_cave_pools, nicolae_hepliaklqana_monster_ancestors,
          serial_shops, shop, hangedman_fish_farm, uniq_snorg
D:11:     layout_basic, david_lair_generic, minivault_14, kennysheep_dice
Temple:   hellmonk_temple_divided_pantheon

Skill      XL: |  1  2  3  4  5  6  7  8  9 10 11 12 |
---------------+-------------------------------------+-----
Ranged Weapons | 4 5 6 7 9 10 12 14 | 14.8
Fighting       | 3 4 6 7 8 9 10 | 10.2
Dodging        | 2 3 4 5 |  5.1
Armour         | 1 |  1.9
Invocations    | 3 4 |  4.0
Stealth        | |  1.5

Action                     |  1- 3 |  4- 6 |  7- 9 | 10-12 || total
---------------------------+-------+-------+-------+-------++-------
   Fire: Shortbow          |    79 |     2 |       |       ||    81
         Longbow           |       |    80 |   184 |   448 ||   712
 Invoke: Heroism           |       |       |     2 |    23 ||    25
Ability: Spit Poison       |    30 |    12 |       |       ||    42
         Breathe Poison Ga |       |    13 |    30 |    33 ||    76
    Use: Scroll            |     2 |     5 |     5 |     7 ||    19
         Potion            |       |     6 |     3 |     3 ||    12
 Armour: Leather armour    |    16 |    15 |    20 |       ||    51
         Robe              |       |       |     2 |    31 ||    33
         Troll leather arm |       |       |       |    34 ||    34
  Dodge: Dodged            |    17 |    16 |    47 |   272 ||   352

Table legend:
 A = Non-vault XP
 B = Vault XP
 C = Vault XP percentage of total XP
 D = Non-vault monster count
 E = Vault monster count
 F = Vault count percentage of total count
                 A         B        C        D         E       F
            +---------+---------+-------+---------+---------+-------
      Total |   15585 |    8780 |  36.0 |     208 |      83 |  28.5
            +---------+---------+-------+---------+---------+-------
        D:1 |      24 |       0 |   0.0 |      16 |       0 |   0.0
        D:2 |      66 |       4 |   5.7 |      23 |       2 |   8.0
        D:3 |      89 |       0 |   0.0 |      16 |       0 |   0.0
        D:4 |     264 |     164 |  38.3 |      21 |       7 |  25.0
        D:5 |    1027 |       0 |   0.0 |      26 |       0 |   0.0
        D:6 |     717 |     559 |  43.8 |      11 |       9 |  45.0
        D:7 |     802 |     632 |  44.1 |      19 |       2 |   9.5
        D:8 |    2093 |    1184 |  36.1 |      26 |       9 |  25.7
        D:9 |    2207 |    3667 |  62.4 |       9 |      45 |  83.3
       D:10 |    2771 |    1296 |  31.9 |      21 |       4 |  16.0
       D:11 |    5525 |    1274 |  18.7 |      20 |       5 |  20.0
            +---------+---------+-------+---------+---------+-------
